 Dungeon Crawl Stone Soup version 0.30-a0-782-ge64f9170bb (console) character file.

Game seed: 9962197159870453019

14636 utis the Summoner (level 12, -7/77 HPs)
             Began as a Tengu Wanderer on Mar 9, 2023.
             Mangled by a freezing wraith (20 damage)
             ... on level 11 of the Dungeon.
             The game lasted 00:45:06 (12473 turns).

utis the Summoner (Tengu Wanderer)                 Turns: 12473, Time: 00:45:06

Health: -7/77      AC: 15    Str: 13    XL:     12   Next: 18%
Magic:  12/14      EV: 11    Int: 16    God:
Gold:   617        SH:  0    Dex: 15    Spells: 6/13 levels left

rFire   . . .      SeeInvis .    a - +1 halberd (drain)
rCold   . . .      Faith    .    (shield currently unavailable)
rNeg    . . .      Spirit   .    q - +0 chain mail
rPois   .          Reflect  .    (helmet restricted)
rElec   .          Harm     .    s - +1 cloak
rCorr   +          Rampage  .    K - +1 pair of gloves
Will    +....                    (boots unavailable) Stlth
                                 g - amulet of regeneration {@e1}
HPRegen 1.12/turn                u - ring of willpower
MPRegen 0.14/turn                w - ring of resist corrosion

@: flying quickly and evasively, slowed, very slow
A: beak, talons 3, nimble flight
a: no special abilities


You were on level 11 of the Dungeon.
You visited 1 branch of the dungeon, and saw 11 of its levels.

You collected 617 gold pieces.

Inventory:

Hand Weapons
 a - a +1 halberd of draining (weapon)
 h - a +2 trident of venom
 j - a +0 trident
 t - a +0 rapier
 v - a +2 whip of venom
 x - a +0 dagger
 z - a +0 eveningstar of flaming
 M - a +0 whip of electrocution
Missiles
 b - 3 throwing nets {=f}
 f - 96 stones
 H - 4 boomerangs
 L - 24 poisoned darts
 Q - a curare-tipped dart {=f}
Armour
 e - a +0 leather armour
 l - a +0 ring mail
 q - a +0 chain mail (worn)
 r - +0 ice dragon scales
 s - a +1 cloak (worn)
 C - a +0 scale mail
 K - a +1 pair of gloves (worn)
 R - +0 steam dragon scales
Magical Staves
 A - a staff of fire
 E - a staff of conjuration {!a@e1}
Jewellery
 g - an amulet of regeneration (around neck) {@e1}
 u - a ring of willpower (left hand)
 w - a ring of resist corrosion (right hand)
 D - an amulet of magic regeneration {@e1}
 F - a ring of protection from fire
 G - an amulet of guardian spirit
Wands
 y - a wand of polymorph (2)
 O - a wand of paralysis (5)
 P - a wand of roots (10)
Scrolls
 d - 3 scrolls of fear
 i - 4 scrolls of immolation
 n - a scroll of magic mapping
 S - a scroll of noise {unknown}
 T - 4 scrolls of teleportation {@r4}
 U - 2 scrolls of enchant weapon
Potions
 c - 4 potions of lignification
 k - 3 potions of attraction
 o - a potion of flight
 p - a potion of brilliance
 B - 2 potions of magic {unknown}
 I - a potion of berserk rage {!q}
 J - a potion of degeneration {unknown}
 N - a potion of cancellation {unknown}


   Skills:
 + Level 9.7 Fighting
 - Level 2.0 Maces & Flails
 - Level 10.0 Polearms
 + Level 8.1 Armour
 + Level 9.4 Dodging
 - Level 2.0 Stealth
 - Level 1.0 Spellcasting
 + Level 12.0 Summonings


You had 6 spell levels left.
You knew the following spells:

 Your Spells              Type           Power      Damage    Failure   Level
f - Call Canine Familiar  Summ           39%        N/A       10%         3
Y - Animate Armour        Summ/Erth      40%        N/A       98%         4

Your spell library contained the following spells:

 Spells                   Type           Power      Damage    Failure   Level
 Summon Small Mammal      Summ           100%       N/A       3%          1
 Apportation              Tloc           0%         N/A       99%         1
 Foxfire                  Conj/Fire      0%         2x1d4     99%         1
 Freeze                   Ice            0%         1d3       99%         1
 Cigotuvi's Dreadful Rot  Necr/Pois/Air  0%         N/A       100%        2
 Frozen Ramparts          Ice            0%         1d1       100%        3
 Gell's Gravitas          Tloc           0%         N/A       100%        3
 Hailstorm                Conj/Ice       0%         3d3       100%        3
 Portal Projectile        Hex/Tloc       0%         N/A       100%        3
 Stone Arrow              Conj/Erth      0%         3d7       100%        3
 Teleport Other           Tloc           0%         N/A       100%        3
 Tukima's Dance           Hex            0%         N/A       100%        3
 Vhi's Electric Charge    Tloc/Air       0%         N/A       100%        3
 Anguish                  Hex/Necr       0%         N/A       100%        4
 Olgreb's Toxic Radiance  Pois           0%         N/A       100%        4
 Blade Hands              Tmut           0%         N/A       100%        5
 Fireball                 Conj/Fire      0%         3d3       100%        5
 Freezing Cloud           Conj/Ice/Air   0%         6-21      100%        5
 Dispersal                Tloc           0%         N/A       100%        6
 Iron Shot                Conj/Erth      0%         9d1       100%        6
 Starburst                Conj/Fire      0%         6d3       100%        6
 Ozocubu's Refrigeration  Ice            0%         4d7       100%        7
 Ignition                 Fire           0%         3d3       100%        8


Dungeon Overview and Level Annotations

Branches:
Dungeon (11/15)            Temple (0/1) D:7            Lair (0/5) D:8
    Orc (0/2) D:11

Altars:
Fedhas
Gozag
Sif Muna
Trog
Vehumet
Wu Jian

Shops:
D:3 :   D:10 [

Annotations:
D:11 1 runed translucent door


Innate Abilities, Weirdness & Mutations

You have a beak for a mouth.
You have claws for feet.
Your magical nature lets you fly swiftly and evasively.


Message History

You hit the freezing wraith. Your kick misses the freezing wraith.
You peck the freezing wraith, but do no damage.
The freezing wraith is severely damaged.
Your wolf closely misses the freezing wraith.
The freezing wraith hits you. The freezing wraith freezes you!
* * * LOW HITPOINT WARNING * * *
The freezing wraith hits you!
* * * LOW HITPOINT WARNING * * *
The freezing wraith drains your vigour!
You feel yourself slow down.
Your wolf misses the freezing wraith.
Unknown command.
The freezing wraith attacks as you move away!
The freezing wraith closely misses you.
The freezing wraith hits you but does no damage.
Your wolf bites the freezing wraith but does no damage.
The freezing wraith barely misses you. The freezing wraith closely misses you.
Your wolf closely misses the freezing wraith.
Your wolf bites the freezing wraith but does no damage.
There is an open door here.
The freezing wraith attacks as you move away!
The freezing wraith hits you but does no damage.
The freezing wraith hits you!
* * * LOW HITPOINT WARNING * * *
The freezing wraith drains your vigour!
You feel as though you will be slow longer.
Your wolf closely misses the freezing wraith.
The freezing wraith attacks as you move away!
The freezing wraith hits you.
* * * LOW HITPOINT WARNING * * *
The freezing wraith freezes you!
* * * LOW HITPOINT WARNING * * *
The freezing wraith misses you.
Your wolf bites the freezing wraith.
The freezing wraith hits your wolf! The freezing wraith freezes your wolf!
Your wolf dies!
Your wolf's corpse disappears in a puff of smoke!
Okay, then.
You feel better. The freezing wraith hits you.
* * * LOW HITPOINT WARNING * * *
The freezing wraith freezes you!!
You die...

.....░ ░░░░......░
.....░░░░.........░
.....'....░░......░
.....░░░░░░░......░░░░
.....░ ░..........
.....░ ░......░░░░
░░░'░░░ ░..........
░...░ ░░..░░░░░░░ ░░
░░░░░+░░░
░..'QW▒..▒..░
░.......░
░░░.░..'§.'..░
░.......░
░...░▒▒▒▒▒▒+▒░
░.......░ +...░ .░
░.......░ ░...░ ░
░.......░ ░...░
░.......+ ░...░
'.......░ ░...░
░.......░
░...░░░░░░░░░░.░


You could see a freezing wraith.

Vanquished Creatures
  3 two-headed ogres
  2 wizards (D:10)
  3 deep elf pyromancers (D:10)
  A manticore (D:7)
  Maggie (D:7)
  3 trolls
  Prince Ribbit (D:7)
  A slime creature (D:7)
  A wraith (D:9)
  A wyvern (D:9)
  8 yaks (D:10)
  A fire bat (D:10)
  3 fire elementals
  Menkaure (D:4)
  A warg (D:11)
  3 vampire mosquitoes
  2 water moccasins (D:8)
  3 black bears
  A sky beast (D:8)
  2 ice beasts
  4 orc warriors
  2 ogres
  4 wolves
  2 centaurs (D:6)
  A phantom (D:4)
  4 kobold brigands
  A necrophage (D:7)
  5 bullfrogs
  2 scorpions
  4 wights
  14 killer bees
  5 howler monkeys
  2 electric eels (D:8)
  2 gnoll boudas
  3 jellies
  4 hounds
  8 orc priests
  3 iguanas
  8 orc wizards
  13 gnolls
  8 adders
  A shadow imp (D:6)
  3 white imps
  4 worms
  2 dart slugs (D:2)
  42 orcs
  6 endoplasms
  2 giant cockroaches
  7 goblins
  6 hobgoblins
  4 jackals (D:1)
  4 quokkas
  3 ball pythons
  A bat (D:3)
  4 frilled lizards
  22 kobolds
  3 rats
255 creatures vanquished.

Vanquished Creatures (collateral kills)
  A manticore (D:11)
  A cyclops (D:11)
  A ynoxinul (D:10)
  A vampire (D:8)
  A yak (D:10)
  A fire bat (D:10)
  A basilisk (D:7)
  A killer bee (D:8)
  A howler monkey (D:10)
  2 orc priests
  An adder (D:2)
  2 orcs (D:10)
  3 kobolds
17 creatures vanquished.

Vanquished Creatures (others)
  7 fungi (D:3)
  13 plants (D:3)
20 creatures vanquished.

Grand Total: 292 creatures vanquished

Notes
Turn   | Place    | Note
-------+----------+-------------------------------------------
     0 | D:1      | utis the Tengu Wanderer began the quest for the Orb.
     0 | D:1      | utis set off with the following items: a +0 dagger, 3
                  | throwing nets {=f}, a potion of lignification, a scroll of
                  | fear, a +0 leather armour; and the following spell
                  | memorised: Summon Small Mammal; and the following spells
                  | available to memorise: Call Canine Familiar.
     0 | D:1      | Reached XP level 1. HP: 10/10 MP: 3/3
   392 | D:1      | Reached skill level 1 in Fighting
   392 | D:1      | Reached XP level 2. HP: 16/16 MP: 4/4
   965 | D:2      | Reached skill level 3 in Summonings
   965 | D:2      | Reached XP level 3. HP: 18/21 MP: 5/5
  1007 | D:2      | Learned a level 3 spell: Call Canine Familiar
  1164 | D:2      | Reached XP level 4. HP: 15/27 MP: 6/6
  1656 | D:3      | Found Piymocol's Book Emporium.
  1840 | D:3      | Noticed a scorpion
  1842 | D:3      | Gained mutation: Your magical nature lets you fly swiftly
                  | and evasively. [Tengu growth]
  1842 | D:3      | Reached XP level 5. HP: 32/32 MP: 7/7
  1849 | D:3      | Reached skill level 1 in Maces & Flails
  2101 | D:3      | Found a faded altar of an unknown god.
  2302 | D:4      | Reached skill level 4 in Summonings
  2306 | D:4      | Reached XP level 6. HP: 35/37 MP: 8/8
  2499 | D:4      | Noticed Menkaure
  2639 | D:4      | Killed Menkaure
  2801 | D:4      | Reached XP level 7. HP: 31/44 MP: 9/9
  3198 | D:4      | Reached skill level 1 in Polearms
  3253 | D:4      | Reached skill level 5 in Fighting
  3265 | D:4      | Reached skill level 5 in Summonings
  3427 | D:4      | Found a radiant altar of Vehumet.
  3488 | D:5      | Entered Level 5 of the Dungeon
  4120 | D:5      | Reached XP level 8. HP: 48/51 MP: 10/10
  4533 | D:6      | Reached skill level 6 in Summonings
  4645 | D:6      | Reached skill level 1 in Armour
  5589 | D:7      | Reached skill level 7 in Summonings
  5592 | D:7      | Reached XP level 9. HP: 37/56 MP: 8/11
  5815 | D:7      | Noticed Maggie
  5817 | D:7      | Paralysed by Maggie for 2 turns
  5840 | D:7      | Noticed Prince Ribbit
  5878 | D:7      | Killed Prince Ribbit
  5879 | D:7      | Reached skill level 5 in Polearms
  5984 | D:7      | Found a staircase to the Ecumenical Temple.
  6212 | D:7      | Reached skill level 8 in Summonings
  6619 | D:8      | Noticed a troll
  6721 | D:8      | Killed a troll
  6793 | D:8      | Found a staircase to the Lair.
  7110 | D:7      | Reached skill level 9 in Summonings
  7117 | D:7      | Reached XP level 10. HP: 46/63 MP: 6/12
  7179 | D:7      | Killed Maggie
  7231 | D:7      | Noticed a manticore
  7282 | D:7      | Killed a manticore
  7453 | D:7      | Reached skill level 10 in Summonings
  7663 | D:7      | Found a blossoming altar of Fedhas.
  7663 | D:7      | Found an ornate altar of the Wu Jian Council.
  7809 | D:7      | Reached skill level 5 in Armour
  8803 | D:9      | Noticed a two-headed ogre
  8808 | D:9      | Killed a two-headed ogre
  8904 | D:9      | Reached skill level 11 in Summonings
  8912 | D:9      | Reached XP level 11. HP: 63/68 MP: 13/13
  9648 | D:10     | Entered Level 10 of the Dungeon
  9766 | D:10     | Found Ajosiron's Armour Shoppe.
  9801 | D:10     | Noticed a deep elf pyromancer
 10373 | D:10     | Noticed a two-headed ogre
 10382 | D:10     | Killed a two-headed ogre
 10563 | D:10     | Noticed a two-headed ogre
 10570 | D:10     | Killed a two-headed ogre
 10602 | D:10     | Reached skill level 12 in Summonings
 10614 | D:10     | Reached skill level 10 in Polearms
 10704 | D:10     | Found an opulent altar of Gozag.
 10862 | D:10     | Killed a deep elf pyromancer
 10916 | D:10     | Noticed a wizard
 10919 | D:10     | Noticed a deep elf pyromancer
 10920 | D:10     | Noticed a wizard
 10930 | D:10     | Killed a deep elf pyromancer
 10940 | D:10     | Killed a wizard
 11046 | D:10     | Killed a wizard
 11077 | D:10     | Noticed a deep elf pyromancer
 11089 | D:10     | Killed a deep elf pyromancer
 11090 | D:10     | Reached XP level 12. HP: 76/76 MP: 8/14
 11138 | D:10     | Got the Papyrus of Plaster Cramp
 11145 | D:10     | Got the Precepts of Combed Thunderclap
 11182 | D:10     | Got the Folio of Dhcmrlchtdj
 11333 | D:10     | Found a shimmering blue altar of Sif Muna.
 11340 | D:10     | Got Sif Muna's Octavo of the Map
 11345 | D:10     | Found a bloodstained altar of Trog.
 11928 | D:11     | Found a staircase to the Orcish Mines.
 12295 | D:11     | Found the +5 Storm Queen's Shield {shock, Fly rElec}
 12305 | D:11     | Learned a level 4 spell: Animate Armour
 12461 | D:11     | Found a runed translucent door.
 12473 | D:11     | Mangled by a freezing wraith

Illustrated notes

Levels and vault maps discovered:
D:1:      dpeg_arrival_rooms_b, layout_basic
D:2:      layout_rooms, minmay_misc_feat_nine_boxes, glass_columns_a,
          minmay_tetromino_i2
D:3:      layout_rooms, shapermc_ecumenical_altar_hornbeckon, serial_shops,
          nicolae_shop_crystal, nicolae_grassy_gnolls
D:4:      layout_basic, mainiacjoe_overflow_alcove_4, serial_glass,
          glass_columns_b, glass_columns_b, glass_columns_c, glass_columns_c,
          glass_columns_c, glass_columns_b, hangedman_decor_slide_cut,
          uniq_menkaure
D:5:      layout_loops_ring, kennysheep_generic_room_9
D:6:      layout_basic, nicolae_concentric_dashed_squares_wild,
          hangedman_decor_diamond_cutter, nicolae_elevator_lobby_asterisk
D:7:      minmay_chambers_of_sevens, layout_gridville,
          amethyst_overflow_temple_binary, minmay_temple_entry_crystal_x,
          grunt_ministairs_10, uniq_maggie, uniq_prince_ribbit1
D:8:      layout_gridville, erik_lair_island
D:9:      layout_roguey, minmay_misc_feat_pillars, st_stairs_1
D:10:     minmay_firetagon, layout_irregular_city,
          nzn_overflow_gifts_of_might_and_magic, lemuel_doored_altar,
          serial_shops, shop, minmay_misc_feat_roman,
          chequers_serial_rivers_micro_e, wad_floor_pattern_untrapped,
          bh_hangedman_babel_library
D:11:     layout_roguey, erik_orc_4, minivault_11, minivault_13

Skill      XL: |  1  2  3  4  5  6  7  8  9 10 11 12 |
---------------+-------------------------------------+-----
Fighting       | 1 2 3 4 5 6 7 8 9 |  9.7
Summonings     | 3 4 5 7 9 11 12 | 12.0
Dodging        | 6 7 8 9 |  9.4
Maces & Flails | 1 2 |  2.0
Polearms       | 2 4 6 8 10 | 10.0
Armour         | 2 4 5 7 8 |  8.1
Stealth        | |  2.0
Spellcasting   | |  1.0

Action                     |  1- 3 |  4- 6 |  7- 9 | 10-12 || total
---------------------------+-------+-------+-------+-------++-------
  Melee: Dagger            |    10 |       |       |       ||    10
         Rapier            |    25 |       |       |       ||    25
         Kick              |    21 |    27 |    87 |   110 ||   245
         Peck              |     8 |     8 |    63 |    55 ||   134
         Trident           |    52 |    17 |   331 |    46 ||   446
         Punch             |     1 |       |     3 |     5 ||     9
         Whip              |       |    52 |    12 |    49 ||   113
         Halberd           |       |    26 |     4 |   326 ||   356
  Throw: Stone             |       |       |     1 |     4 ||     5
         Dart              |       |       |       |     5 ||     5
   Cast: Summon Small Mamm |     3 |     4 |     5 |     5 ||    17
         Call Canine Famil |       |     2 |    15 |    43 ||    60
    Use: Scroll            |       |     5 |     5 |     9 ||    19
         Potion            |       |       |       |     4 ||     4
   Stab: Sleeping          |       |     1 |     1 |     4 ||     6
         Distracted        |       |     2 |     1 |     5 ||     8
         Invisible         |       |       |       |     3 ||     3
 Armour: Leather armour    |     8 |       |       |       ||     8
         Ring mail         |    20 |    17 |    29 |       ||    66
         Scale mail        |       |       |    84 |     1 ||    85
         Steam dragon scal |       |       |       |    96 ||    96
         Chain mail        |       |       |       |     9 ||     9
  Dodge: Dodged            |    45 |    48 |   312 |   313 ||   718

Table legend: (Time is in decaauts)
 A = Elapsed time spent in this place.
 B = Non-inter-level travel time spent in this place.
 C = Inter-level travel time spent in this place.
 D = Time resting spent in this place.
 E = Time spent auto-exploring this place.
 F = Levels seen in this place.
 G = Mean time per level.
                   A        B        C        D        E       F      G
               +--------+--------+--------+--------+--------+-----+--------+
         Total |  11928 |  11384 |    544 |   2370 |   5923 |  11 | 1084.4 |
       Dungeon |  11928 |  11384 |    544 |   2370 |   5923 |  11 | 1084.4 |
               +--------+--------+--------+--------+--------+-----+--------+

Top non-repeatable levels by time:
    D:10: 1738 daAuts
     D:7: 1711 daAuts
     D:8: 1539 daAuts
     D:6: 1201 daAuts
     D:4: 1045 daAuts
     D:1: 876 daAuts
    D:11: 831 daAuts
     D:9: 817 daAuts
     D:2: 766 daAuts
     D:3: 730 daAuts
     D:5: 671 daAuts
